 Dungeon Crawl Stone Soup version 0.18.1-1-g2f07953 (webtiles) character file.

31 Chiseanne the Skirmisher (level 3, -5/39 HPs)
             Began as an Ogre Air Elementalist on May 7, 2016.
             Slain by Terence
             ... wielding a +0 falchion
              (6 damage)
             ... on level 2 of the Dungeon.
             The game lasted 00:02:31 (1507 turns).

Chiseanne the Skirmisher (Ogre Air Elementalist)    Turns: 1507, Time: 00:02:32

Health: -5/39      AC:  3    Str: 13    XL:     3   Next: 22%
Magic:  6/6        EV: 15    Int: 14    God:
Gold:   76         SH:  0    Dex: 16    Spells: 1 memorised, 5 levels left

rFire  . . .     SeeInvis .     a - +0 club
rCold  . . .     Gourm    .     i - +0 robe
rNeg   . . .     Faith    .     (no shield)
rPois  .         Spirit   .     (helmet restricted)
rElec  .         Dismiss  .     (no cloak)
rCorr  .         Reflect  .     (gloves unavailable)
SustAt .         Harm     .     (boots unavailable)
MR     .....                    (no amulet)
Stlth  +++.......               (no ring)
                                (no ring)

@: agile, not resistant to hostile enchantments, fairly stealthy
A: unfitting armour, hooves 1, tough skin 1
a: no special abilities


You were on level 2 of the Dungeon.
You were not hungry.

You visited 1 branch of the dungeon, and saw 2 of its levels.

You collected 76 gold pieces.

Inventory:

Hand Weapons
 a - a +0 club (weapon)
 g - a +3 hunting sling
 w - a +0 hunting sling
Missiles
 h - 34 stones (quivered)
 j - 24 arrows
Armour
 i - a +0 robe (worn)
Scrolls
 e - a scroll of recharging {unknown}
Potions
 d - a potion of agility
Books
 b - a book of Air

   Spells                             Type                      Level
   a - Shock                          Conjuration/Air              1
   b - Swiftness                      Charms/Air                   2
   c - Repel Missiles                 Charms/Air                   2
   d - Static Discharge               Conjuration/Air              3
   e - Lightning Bolt                 Conjuration/Air              5
Comestibles
 c - a bread ration
 f - 2 meat rations


   Skills:
 * Level 3.6 Fighting
 * Level 0.0 Maces & Flails
 - Level 1.7 Dodging
 - Level 1.5 Stealth
 - Level 2.4 Spellcasting
 - Level 0.6 Conjurations
 - Level 2.1 Air Magic


You had 5 spell levels left.
You knew the following spells:

 Your Spells              Type           Power        Failure   Level  Hunger
a - Shock                 Conj/Air       #...         14%         1    #......


Dungeon Overview and Level Annotations

Branches:
Dungeon (2/15)

Altars:

Annotations:
D:2 Terence


Innate Abilities, Weirdness & Mutations

You are too large for most types of armour.
You have tough skin (AC +1).
You have large cloven feet.


Message History

You hit Terence. You kick Terence, but do no damage.
Terence is almost dead.
Terence hits you with a falchion.
* * * LOW HITPOINT WARNING * * *
You barely miss Terence.
Terence is almost dead.
Terence hits you but does no damage.
You barely miss Terence.
Terence is almost dead.
Terence barely misses you.
You closely miss Terence.
Terence is almost dead.
Terence says, "Don't bother to defend, it's useless."
Terence hits you with a falchion.
* * * LOW HITPOINT WARNING * * *
Terence hits you but does no damage.
You hit Terence but do no damage.
Terence is almost dead.
Terence hits you with a falchion.
You die...

#.##.### ..##...#
#######.# #
#......)# #.
#.####### .###)#
..#)# #.#.# #####
#@#.#
.#....########@#.#
.....>........w..#
........######.###
.........#####.#
...........w...#
.####.##.#######
#..... ###%###


You could see Terence and a dart slug.

Vanquished Creatures
  A dart slug (D:1)
  A giant gecko (D:1)
  A bat (D:1)
  2 giant cockroaches (D:1)
  4 hobgoblins (D:1)
  5 kobolds (D:1)
  A ball python (D:1)
  3 giant newts
  2 goblins (D:1)
  10 rats (D:1)
30 creatures vanquished.

Notes
Turn   | Place    | Note
--------------------------------------------------------------
     0 | D:1      | Chiseanne the Ogre Air Elementalist began the quest for the Orb.
     0 | D:1      | Reached XP level 1. HP: 16/16 MP: 3/3
    37 | D:1      | Reached skill level 1 in Fighting
   613 | D:1      | Reached skill level 2 in Fighting
   613 | D:1      | Reached XP level 2. HP: 28/28 MP: 5/5
  1041 | D:1      | Reached skill level 3 in Fighting
  1279 | D:1      | Reached XP level 3. HP: 37/37 MP: 6/6
  1463 | D:2      | Noticed Terence
  1501 | D:2      | Gained mutation: You have large cloven feet. [potion of beneficial mutation]
  1506 | D:2      | HP: 1/39 [Terence/falchion (5)]
  1507 | D:2      | Slain by Terence

Skill      XL: |  1  2 |
---------------+-------+-----
Fighting       | 2 3 |  3.6
Dodging        | |  1.7
Stealth        | |  1.5
Spellcasting   | |  2.4
Conjurations   | |  0.6
Air Magic      | |  2.1

Action                   || total
-------------------------++-------
Melee: Unarmed           ||    20
       Club              ||    22
       Kick              ||     1
 Fire: Hunting sling     ||    86
  Use: Potion            ||     2
  Eat: Chunk             ||     2
Armor: Robe              ||    12
Dodge: Dodged            ||    50
